 Dungeon Crawl Stone Soup version 0.32-a0-871-ge202e49faa (webtiles) character file.

Game seed: 1627331569952625132

185 epen the Vexing (level 5, 0/41 HPs)
             Began as a Gnoll Hexslinger on Mar 29, 2024.
             Slain by a gnoll
             ... wielding a +0 flail
              (7 damage)
             ... on level 4 of the Dungeon.
             The game lasted 00:02:56 (2458 turns).

epen the Vexing (Gnoll Hexslinger)                  Turns: 2458, Time: 00:02:57

Health: 0/41       AC:  3    Str:  7    XL:     5   Next: 64%
Magic:  9/9        EV: 13    Int: 12    God:
Gold:   197        SH:  0    Dex: 17    Spells: 10/10 levels left

rFire   . . .        o - +1 war axe (elec)
rCold   . . .        (no shield)
rNeg    . . .        c - +0 robe
rPois   .            n - +0 helmet
rElec   .            (no cloak)
rCorr   .            (no gloves)
SInv    .            (no boots)
Will    .....        (no amulet)
Stlth   ++           (no ring)
HPRegen 0.26/turn    (no ring)
MPRegen 0.11/turn

%: no passive effects
@: brilliant
A: fangs 1, strong nose, distributed training
a: no special abilities


You were on level 4 of the Dungeon.
You visited 1 branch of the dungeon, and saw 4 of its levels.

You collected 197 gold pieces.

Inventory:

Hand Weapons
 a - a +1 sling
 o - a +1 war axe of electrocution (weapon)
Armour
 c - a +0 robe (worn)
 m - a +2 buckler
 n - a +0 helmet (worn)
Jewellery
 g - a ring of ice
Scrolls
 b - a scroll of poison
 f - a scroll of amnesia {unknown}
 h - 2 scrolls of identify {unknown}
 i - a scroll of blinking {unknown}
 j - 2 scrolls of teleportation {unknown}
 l - 2 scrolls of fear {unknown}
Potions
 d - a potion of brilliance
 e - a potion of cancellation {unknown}
 k - 2 potions of curing {unknown}
 p - 2 potions of ambrosia {unknown}


   Skills:
 + Level 3.1 Fighting
 + Level 1.6 Short Blades
 + Level 1.6 Long Blades
 + Level 1.6 Axes
 + Level 1.6 Maces & Flails
 + Level 1.6 Polearms
 + Level 1.6 Staves
 + Level 4.8 Ranged Weapons
 + Level 1.6 Throwing
 + Level 1.6 Armour
 + Level 4.8 Dodging
 + Level 1.6 Stealth
 + Level 1.6 Shields
 + Level 1.6 Unarmed Combat
 + Level 3.2 Spellcasting
 + Level 1.3 Conjurations
 + Level 5.6 Hexes
 + Level 1.3 Summonings
 + Level 1.3 Necromancy
 + Level 1.3 Translocations
 + Level 2.5 Fire Magic
 + Level 1.3 Ice Magic
 + Level 1.3 Air Magic
 + Level 1.3 Earth Magic
 + Level 1.3 Alchemy
 + Level 1.9 Invocations
 + Level 1.6 Evocations
 + Level 1.5 Shapeshifting


You had 10 spell levels left.
You didn't know any spells.
Your spell library contained the following spells:

 Spells                   Type           Power      Damage    Failure   Level
 Jinxbite                 Hex            46%        N/A       3%          2
 Sigil of Binding         Hex            23%        N/A       7%          3
 Inner Flame              Hex/Fire       17%        N/A       14%         3
 Cause Fear               Hex            11%        N/A       24%         4
 Dimensional Bullseye     Hex/Tloc       7%         N/A       50%         4
 Summon Blazeheart Golem  Fire/Summ      9%         N/A       73%         4
 Yara's Violent Unravell  Hex/Alch       7%         3d5       85%         5
 Enfeeble                 Hex            11%        N/A       100%        7
 Orb of Destruction       Conj           3%         9d5       100%        7
 Spellforged Servitor     Conj/Summ      3%         N/A       100%        7


Dungeon Overview and Level Annotations

Branches:
Dungeon (4/15)
 Temple: D:4-7

Altars:
Xom


Innate Abilities, Weirdness & Mutations

You have very sharp teeth.
Your uncanny sense of smell can sniff out nearby items.
Your experience applies equally to all skills.


Message History

You kill the gnoll!
The gnoll closely misses you.
The gnoll hits you from afar with a +0 halberd!
You hit the gnoll.
The gnoll is lightly wounded.
You completely miss the gnoll. The gnoll hits you with a +0 club.
The gnoll completely misses you. The gnoll closely misses you. x4
You hit the gnoll but do no damage. Your bite misses the gnoll.
The gnoll is lightly wounded.
You hit the gnoll. Lightning courses through the gnoll!
You kill the gnoll!
The gnoll barely misses you. The gnoll closely misses you.
You hit the gnoll. You bite the gnoll, but do no damage.
The gnoll is heavily wounded.
The gnoll misses you. The gnoll closely misses you.
The gnoll barely misses you.
The gnoll hits you from afar with a +0 halberd!
* * * LOW HITPOINT WARNING * * *
You are too injured to fight recklessly!
You are too injured to fight recklessly!
You are too injured to fight recklessly!
You are too injured to fight recklessly!
You are too injured to fight recklessly!
You are too injured to fight recklessly!
You are too injured to fight recklessly!
You are too injured to fight recklessly!
You are too injured to fight recklessly!
You are too injured to fight recklessly!
You are too injured to fight recklessly!
You are too injured to fight recklessly!
You are too injured to fight recklessly!
You hit the gnoll.
The gnoll is severely wounded.
The gnoll hits you with a +0 flail.
* * * LOW HITPOINT WARNING * * *
The gnoll misses you.
It was a potion of brilliance.
You feel clever all of a sudden. The gnoll hits you with a +0 flail!
You die...

#####+ ##+###+###
...... #........#
...... ∆ #........#
...... #........#
...... #$.../..
...... ####+#.g...
...... .......g.)#
####.. ........@)#
...# ..........#
.#.#∆ .........#
.#.# .........#
.#.# #######.....#
##.# #.....#.....#
...#..#.....#.....#
##.#..#.....#.....#
.#.#..##..###.....#


You could see 2 gnolls.

Vanquished Creatures
  An orc wizard (D:3)
  Robin (D:2)
  2 gnolls (D:4)
  2 adders
  A ribbon worm (D:2)
  4 dart slugs
  7 orcs (D:3)
  6 bats
  6 endoplasms
  8 giant cockroaches
  15 goblins
  10 hobgoblins
  4 jackals (D:2)
  6 kobolds
  2 quokkas
  3 ball pythons
  6 frilled lizards
  7 rats
91 creatures vanquished.

Notes
Turn   | Place    | Note
-------+----------+-------------------------------------------
     0 | D:1      | epen the Gnoll Hexslinger began the quest for the Orb.
     0 | D:1      | Reached XP level 1. HP: 17/17 MP: 4/4
   117 | D:1      | Reached XP level 2. HP: 23/23 MP: 5/5
   783 | D:2      | Reached XP level 3. HP: 28/28 MP: 7/7
   870 | D:2      | Reached skill level 1 in Invocations
   923 | D:2      | Reached skill level 1 in Short Blades
   923 | D:2      | Reached skill level 1 in Long Blades
   923 | D:2      | Reached skill level 1 in Axes
   923 | D:2      | Reached skill level 1 in Maces & Flails
   923 | D:2      | Reached skill level 1 in Polearms
   923 | D:2      | Reached skill level 1 in Staves
   923 | D:2      | Reached skill level 1 in Throwing
   923 | D:2      | Reached skill level 1 in Armour
   923 | D:2      | Reached skill level 1 in Stealth
   923 | D:2      | Reached skill level 1 in Shields
   923 | D:2      | Reached skill level 1 in Unarmed Combat
   923 | D:2      | Reached skill level 1 in Evocations
  1118 | D:2      | Found a shimmering altar of Xom.
  1141 | D:2      | Reached skill level 1 in Shapeshifting
  1141 | D:2      | Reached XP level 4. HP: 34/34 MP: 8/8
  1655 | D:3      | Noticed Robin
  1726 | D:2      | Reached skill level 1 in Conjurations
  1726 | D:2      | Reached skill level 1 in Summonings
  1726 | D:2      | Reached skill level 1 in Necromancy
  1726 | D:2      | Reached skill level 1 in Translocations
  1726 | D:2      | Reached skill level 1 in Ice Magic
  1726 | D:2      | Reached skill level 1 in Air Magic
  1726 | D:2      | Reached skill level 1 in Earth Magic
  1726 | D:2      | Reached skill level 1 in Alchemy
  1741 | D:2      | Killed Robin
  1930 | D:3      | Reached XP level 5. HP: 39/40 MP: 9/9
  2458 | D:4      | Slain by a gnoll

Illustrated notes

Levels and vault maps discovered:
D:1:      saegor_arrival_simple_b, layout_basic
D:2:      minmay_inner_zag, layout_basic, basic_altar, hangedman_feature_mirror,
          nicolae_concentric_dashed_squares_wild
D:3:      layout_rooms, dk_noncrumbling_4, uniq_robin
D:4:      layout_gridville, nicolae_overflow_macrodata_refinement,
          roderic_lattice_a, nicolae_underground_beach

Skill      XL: |  1  2  3  4  5 |
---------------+----------------+-----
Fire Magic     | 2 |  2.5
Invocations    | 1 |  1.9
Short Blades   | 1 |  1.6
Long Blades    | 1 |  1.6
Axes           | 1 |  1.6
Maces & Flails | 1 |  1.6
Polearms       | 1 |  1.6
Staves         | 1 |  1.6
Throwing       | 1 |  1.6
Armour         | 1 |  1.6
Stealth        | 1 |  1.6
Shields        | 1 |  1.6
Unarmed Combat | 1 |  1.6
Evocations     | 1 |  1.6
Shapeshifting  | 1 |  1.5
Spellcasting   | 3 |  3.2
Conjurations   | 1 |  1.3
Summonings     | 1 |  1.3
Necromancy     | 1 |  1.3
Translocations | 1 |  1.3
Ice Magic      | 1 |  1.3
Air Magic      | 1 |  1.3
Earth Magic    | 1 |  1.3
Alchemy        | 1 |  1.3
Fighting       | 3 |  3.1
Ranged Weapons | |  4.8
Dodging        | |  4.8
Hexes          | |  5.6

Action                     |  1- 3 |  4- 6 || total
---------------------------+-------+-------++-------
  Melee: War axe           |       |    49 ||    49
         Bite              |       |     4 ||     4
   Fire: Sling             |   102 |    89 ||   191
    Use: Potion            |       |     1 ||     1
 Armour: Robe              |    19 |    58 ||    77
  Dodge: Dodged            |    35 |   118 ||   153

Table legend: (Time is in decaauts)
 A = Elapsed time spent in this place.
 B = Non-inter-level travel time spent in this place.
 C = Inter-level travel time spent in this place.
 D = Time resting spent in this place.
 E = Time spent auto-exploring this place.
 F = Levels seen in this place.
 G = Mean time per level.
                   A        B        C        D        E       F      G
               +--------+--------+--------+--------+--------+-----+--------+
         Total |   2514 |   2416 |     98 |     63 |   1871 |   4 |  628.5 |
       Dungeon |   2514 |   2416 |     98 |     63 |   1871 |   4 |  628.5 |
               +--------+--------+--------+--------+--------+-----+--------+

Top non-repeatable levels by time:
     D:2: 1061 daAuts
     D:1: 768 daAuts
     D:3: 582 daAuts
     D:4: 102 daAuts
